 Dungeon Crawl Stone Soup version 0.27-a0-1144-g0b7d3b79db (webtiles) character file.

Game seed: 17869319691454572167

1829 freelancePsychic the Bolt Thrower (level 9, -2/69 HPs)
             Began as a Gnoll Wanderer on May 11, 2021.
             Engulfed by a steam dragon's steam (8 damage)
             ... on level 6 of the Dungeon.
             The game lasted 00:18:59 (6272 turns).

freelancePsychic the Bolt Thrower (Gnoll Wanderer)  Turns: 6272, Time: 00:18:59

Health: -2/69      AC: 16    Str: 12    XL:     9   Next: 11%
Magic:  14/14      EV:  4    Int: 13    God:
Gold:   501        SH:  0    Dex: 13    Spells: 15/15 levels left

rFire    . . .     SeeInvis .   b - +7 falchion (holy)
rCold    . . .     Faith    .   (no shield)
rNeg     . . .     Spirit   .   z - +0 plate armour
rPois    .         Reflect  .   A - +0 helmet
rElec    .         Harm     .   p - +0 cloak
rCorr    .         Rampage  .   k - +1 pair of gloves
Will     .....                  (no boots)
Stlth    ..........             (no amulet)
HPRegen  0.21/turn              (no ring)
MPRegen  0.14/turn              (no ring)

@: studying Short Blades
A: fangs 1, strong nose, distributed training
a: no special abilities


You were on level 6 of the Dungeon.
You visited 2 branches of the dungeon, and saw 7 of its levels.

You collected 501 gold pieces.

Inventory:

Hand Weapons
 a - a +0 arbalest
 b - a +7 falchion of holy wrath (weapon)
 r - a +2 dagger of venom
Missiles
 e - 3 curare-tipped darts
 j - 19 bolts
 w - 12 throwing nets
 C - 7 silver javelins
Armour
 c - a +0 ring mail
 k - a +1 pair of gloves (worn)
 p - a +0 cloak (worn)
 z - a +0 plate armour (worn)
 A - a +0 helmet (worn)
Wands
 x - a wand of mindburst (10)
Scrolls
 f - a scroll of holy word
 h - a scroll of amnesia
 q - 3 scrolls of teleportation {unknown}
 u - 4 scrolls of identify {@r1}
 v - a scroll of summoning {unknown}
 y - a scroll of enchant weapon {unknown}
Potions
 g - a potion of heal wounds {unknown}
 i - a potion of flight {unknown}
 l - 2 potions of haste {@q3}
 m - 2 potions of curing {@q1}
 n - 2 potions of might {unknown}
 o - a potion of lignification {unknown}
 s - a potion of berserk rage {unknown}
 t - a potion of invisibility {unknown}
 B - a potion of degeneration {unknown}
Miscellaneous
 d - a piece from Xom's chessboard (15/15) (quivered)


   Skills:
 + Level 6.1 Fighting
 + Level 4.9 Short Blades
 + Level 3.9 Long Blades
 + Level 6.1 Axes
 + Level 3.9 Maces & Flails
 + Level 3.9 Polearms
 + Level 3.9 Staves
 + Level 3.9 Slings
 + Level 3.9 Bows
 + Level 7.7 Crossbows
 + Level 3.9 Throwing
 + Level 4.7 Armour
 + Level 3.9 Dodging
 + Level 4.6 Stealth
 + Level 3.9 Shields
 + Level 3.9 Unarmed Combat
 + Level 3.9 Spellcasting
 + Level 3.2 Conjurations
 + Level 3.2 Hexes
 + Level 3.2 Summonings
 + Level 3.2 Necromancy
 + Level 3.2 Translocations
 + Level 3.2 Transmutations
 + Level 3.2 Fire Magic
 + Level 3.2 Ice Magic
 + Level 3.2 Air Magic
 + Level 3.2 Earth Magic
 + Level 3.2 Poison Magic
 + Level 4.3 Invocations
 + Level 4.7 Evocations


You had 15 spell levels left.
You didn't know any spells.
Your spell library contained the following spells:

 Spells                   Type           Power      Damage    Failure   Level
 Corona                   Hex            11%        N/A       100%        1
 Ensorcelled Hibernation  Hex/Ice        20%        N/A       100%        2
 Confusing Touch          Hex            10%        N/A       100%        3
 Dazzling Flash           Conj/Hex       20%        N/A       100%        3
 Tukima's Dance           Hex            10%        N/A       100%        3
 Bolt of Magma            Conj/Fire/Erth 5%         4d5       100%        5
 Iskenderun's Battlesphe  Conj           10%        2d6       100%        5
 Iron Shot                Conj/Erth      5%         9d2       100%        6
 Orb of Destruction       Conj           5%         9d2       100%        7
 Spellforged Servitor     Conj/Summ      5%         N/A       100%        7


Dungeon Overview and Level Annotations

Branches:
Dungeon (6/15)             Temple (1/1) D:5

Altars:
Ashenzari
Dithmenos
Fedhas
Hepliaklqana
Kikubaaqudgha
Makhleb
Nemelex Xobeh
Qazlal
Trog
Uskayaw
Vehumet
Wu Jian
Xom
Yredelemnul
Zin

Shops:
D:6 ?

Annotations:
D:6 2 transporters, Menkaure; Zeld's ghost, novice OpFi


Innate Abilities, Weirdness & Mutations

You have very sharp teeth.
Your uncanny sense of smell can sniff out nearby items.
Your experience applies equally to all skills.


Message History

You are too injured to fight recklessly!
You are too injured to fight recklessly!
You are too injured to fight recklessly!
An orc comes into view. It is wielding a +0 short sword.
The orc shouts!
You hear a shout!
The steam dragon barely misses you.
The steam dragon claws you but does no damage.
You hit the steam dragon.
The steam dragon is heavily wounded.
The steam dragon bites you but does no damage.
The steam dragon claws you but does no damage.
Your plate armour prevents you from hitting the steam dragon.
The steam dragon is heavily wounded.
Menkaure, Prince of Dust comes into view.
An orc comes into view. It is wielding a +0 club.
The steam dragon breathes steam at you. The ball of steam hits you!
You hear a bark!
You hear a shout!
The steam dragon bites you but does no damage.
The steam dragon barely misses you.
You hit the steam dragon.
You bite the steam dragon, but do no damage.
The steam dragon is heavily wounded.
An orc comes into view. It is wielding a +0 club.
The steam dragon bites you but does no damage.
The steam dragon claws you but does no damage.
A centaur skeleton comes into view.
The orc is engulfed in a cloud of scalding steam.
The orc dies!
The orc is engulfed in a cloud of scalding steam.
The steam dragon breathes steam at you. The ball of steam hits you!
You are engulfed in a cloud of scalding steam.
You are engulfed in a cloud of scalding steam.
The steam dragon breathes steam at you. The ball of steam hits you!
* * * LOW HITPOINT WARNING * * *
You hear a shout!
You are engulfed in a cloud of scalding steam.
You die...

#..#########......##.. .
##...........#......#. #.
###....######........ #.# ###
##......## ##)....... #..##.#
###.##.....###........≈ #..M..#
##..####...........<...≈
#.....####.§### ##..###...(....).
#......##..§D§##########.........
.......M.####§§§@................
........## #.§##########.......≈
..o....## #..# ######.......≈
.Z.)o..# #..#####............≈
o.§..... #..#................≈
.....§..# ##.#####............≈
.....§..# #.# ######.##..#.≈
#.......# #.##########.##....≈
#......## #............##....≈


There were no monsters in sight!

Vanquished Creatures
  Eustachio (D:5)
  A hornet zombie (D:6)
  2 sky beasts
  A necrophage (D:5)
  2 ogres
  A centaur (D:6)
  A phantom (D:4)
  2 gnoll sergeants (D:6)
  A scorpion (D:5)
  The ghost of MisterAzrael the Grave Robber, a weakling DENe (D:4)
  3 hounds (D:6)
  2 gnoll shamans
  2 centaur skeletons
  3 orc wizards
  2 iguanas
  A hound skeleton (D:5)
  30 gnolls
  6 adders
  An ufetubus (D:6)
  2 worms
  2 dart slugs
  13 orcs
  3 bats
  5 endoplasms
  2 giant cockroaches
  3 goblins (D:1)
  6 hobgoblins
  9 jackals
  9 kobolds
  3 quokkas
  7 ball pythons
  4 frilled lizards
  2 rats
133 creatures vanquished.

Vanquished Creatures (others)
  An orc (D:6)
1 creature vanquished.

Grand Total: 134 creatures vanquished

Notes
Turn   | Place    | Note
-------+----------+-------------------------------------------
     0 | D:1      | freelancePsychic the Gnoll Wanderer began the quest for the
                  | Orb.
     0 | D:1      | freelancePsychic set off with the following items: a +2
                  | hand crossbow, 28 bolts, a +0 ring mail, a piece from Xom's
                  | chessboard (15/15)
     0 | D:1      | Reached XP level 1. HP: 20/20 MP: 1/1
    29 | D:1      | Reached XP level 2. HP: 11/26 MP: 2/2
   544 | D:1      | Reached XP level 3. HP: 31/31 MP: 3/3
  1081 | D:2      | Reached skill level 1 in Invocations
  1084 | D:2      | Reached skill level 1 in Short Blades
  1084 | D:2      | Reached skill level 1 in Long Blades
  1084 | D:2      | Reached skill level 1 in Maces & Flails
  1084 | D:2      | Reached skill level 1 in Polearms
  1084 | D:2      | Reached skill level 1 in Staves
  1084 | D:2      | Reached skill level 1 in Slings
  1084 | D:2      | Reached skill level 1 in Bows
  1084 | D:2      | Reached skill level 1 in Throwing
  1084 | D:2      | Reached skill level 1 in Dodging
  1084 | D:2      | Reached skill level 1 in Shields
  1084 | D:2      | Reached skill level 1 in Unarmed Combat
  1084 | D:2      | Reached skill level 1 in Spellcasting
  1313 | D:2      | Reached XP level 4. HP: 38/38 MP: 5/5
  1780 | D:2      | Reached skill level 1 in Conjurations
  1780 | D:2      | Reached skill level 1 in Hexes
  1780 | D:2      | Reached skill level 1 in Summonings
  1780 | D:2      | Reached skill level 1 in Necromancy
  1780 | D:2      | Reached skill level 1 in Translocations
  1780 | D:2      | Reached skill level 1 in Transmutations
  1780 | D:2      | Reached skill level 1 in Fire Magic
  1780 | D:2      | Reached skill level 1 in Ice Magic
  1780 | D:2      | Reached skill level 1 in Air Magic
  1780 | D:2      | Reached skill level 1 in Earth Magic
  1780 | D:2      | Reached skill level 1 in Poison Magic
  2207 | D:3      | Found a faded altar of an unknown god.
  2476 | D:4      | Found a broken altar of Ashenzari.
  2492 | D:4      | Reached XP level 5. HP: 43/43 MP: 6/6
  2688 | D:4      | Noticed a phantom
  2703 | D:4      | Killed a phantom
  2704 | D:4      | Reached XP level 6. HP: 20/50 MP: 8/8
  2932 | D:4      | Found a blossoming altar of Fedhas.
  3155 | D:4      | Reached skill level 5 in Fighting
  3155 | D:4      | Reached skill level 5 in Axes
  3198 | D:4      | Found a runed translucent door.
  3198 | D:4      | Noticed MisterAzrael's ghost (weakling DENe)
  3496 | D:4      | Killed MisterAzrael's ghost
  3579 | D:5      | Entered Level 5 of the Dungeon
  3601 | D:5      | Found a staircase to the Ecumenical Temple.
  3655 | D:5      | Reached XP level 7. HP: 43/56 MP: 10/10
  3906 | Temple   | Entered the Ecumenical Temple
  4002 | D:5      | Reached skill level 7 in Crossbows
  4179 | D:5      | Found a burning altar of Makhleb.
  4438 | D:5      | Found a radiant altar of Vehumet.
  4534 | D:5      | Reached XP level 8. HP: 63/63 MP: 12/12
  4670 | D:5      | Noticed Eustachio
  4709 | D:5      | Killed Eustachio
  5558 | D:6      | Reached XP level 9. HP: 63/69 MP: 14/14
  5657 | D:6      | Noticed a two-headed ogre
  5659 | D:6      | Noticed Zeld's ghost (novice OpFi)
  5666 | D:6      | Found a transporter.
  5680 | D:6      | Found a transporter.
  5947 | D:6      | Found Vubergh's Magic Scroll Shoppe.
  6260 | D:6      | Noticed Menkaure
  6272 | D:6      | Engulfed by a steam dragon's steam

Illustrated notes

Levels and vault maps discovered:
D:1:      dpeg_arrival_shrine, layout_loops_ring, minmay_misc_feat_rows,
          minmay_tetromino_o4
D:2:      layout_loops_corners
D:3:      layout_rooms, ebering_ecumenical_altar_abandoned
D:4:      layout_basic, kennysheep_little_box, amcnicky_altar_gilded,
          hellmonk_ghost_happy_afterlife
D:5:      layout_basic, vehumet_crystals, makhleb_blood_cavern_becter,
          minmay_temple_entry_statues, uniq_eustachio
D:6:      layout_cave_pods, gammafunk_ghost_arena, serial_gnoll_camp,
          gnoll_camp_mini_hut, gnoll_camp_mini_hut, gnoll_camp_huts_moat,
          gnoll_camp_mini_basic, gnoll_camp_mini_shop, chequers_jeans,
          uniq_menkaure
Temple:   minmay_freezing_vapour_temple

Skill      XL: |  1  2  3  4  5  6  7  8 |
---------------+-------------------------+-----
Invocations    | 1 2 3 4 |  4.3
Short Blades   | 1 2 3 4 |  4.9
Long Blades    | 1 2 3 |  3.9
Maces & Flails | 1 2 3 |  3.9
Polearms       | 1 2 3 |  3.9
Staves         | 1 2 3 |  3.9
Slings         | 1 2 3 |  3.9
Bows           | 1 2 3 |  3.9
Throwing       | 1 2 3 |  3.9
Dodging        | 1 2 3 |  3.9
Shields        | 1 2 3 |  3.9
Unarmed Combat | 1 2 3 |  3.9
Spellcasting   | 1 2 3 |  3.9
Conjurations   | 1 2 3 |  3.2
Hexes          | 1 2 3 |  3.2
Summonings     | 1 2 3 |  3.2
Necromancy     | 1 2 3 |  3.2
Translocations | 1 2 3 |  3.2
Transmutations | 1 2 3 |  3.2
Fire Magic     | 1 2 3 |  3.2
Ice Magic      | 1 2 3 |  3.2
Air Magic      | 1 2 3 |  3.2
Earth Magic    | 1 2 3 |  3.2
Poison Magic   | 1 2 3 |  3.2
Armour         | 3 4 |  4.7
Evocations     | 3 4 |  4.7
Stealth        | 3 4 |  4.6
Fighting       | 5 6 |  6.1
Axes           | 5 6 |  6.1
Crossbows      | 7 |  7.7

Action                   |  1- 3 |  4- 6 |  7- 9 || total
-------------------------+-------+-------+-------++-------
Melee: Trident           |     2 |    73 |    70 ||   145
       Bite              |       |    13 |    15 ||    28
       Falchion          |       |       |    91 ||    91
       Punch             |       |       |     1 ||     1
 Fire: Hand crossbow     |    61 |    28 |       ||    89
       Arbalest          |       |    41 |    80 ||   121
Evoke: Piece from Xom's  |     4 |       |       ||     4
  Use: Scroll            |       |     5 |       ||     5
 Stab: Sleeping          |       |     2 |     1 ||     3
Armor: Ring mail         |    11 |    31 |    22 ||    64
       Plate armour      |       |       |   182 ||   182
Dodge: Dodged            |    24 |    30 |    75 ||   129
       Rpst.: Falchion   |       |       |     7 ||     7

Table legend: (Time is in decaauts)
 A = Elapsed time spent in this place.
 B = Non-inter-level travel time spent in this place.
 C = Inter-level travel time spent in this place.
 D = Time resting spent in this place.
 E = Time spent auto-exploring this place.
 F = Levels seen in this place.
 G = Mean time per level.
                   A        B        C        D        E       F      G
               +--------+--------+--------+--------+--------+-----+--------+
         Total |   6380 |   6292 |     88 |    272 |   4918 |   7 |  911.4 |
       Dungeon |   6378 |   6290 |     88 |    272 |   4918 |   6 | 1063.0 |
        Temple |      1 |      1 |      0 |      0 |      0 |   1 |    1.0 |
               +--------+--------+--------+--------+--------+-----+--------+

Top non-repeatable levels by time:
     D:5: 1563 daAuts
     D:6: 1191 daAuts
     D:4: 1126 daAuts
     D:1: 1059 daAuts
     D:2: 995 daAuts
     D:3: 442 daAuts
  Temple: 1 daAuts
